| TOP OF THE 1ST |
|
University of Oklahoma Sooners batting - Pitching for Coastal Carolina University Chanticleers : RHP Ricky Diaz
|
|
Pitching: RHP Ricky Diaz
|
|
|
Batting: RHB Kjeld Leen
|
0-0: Ball 1-0: Ball 2-0: Called Strike 2-1: Ball 3-1: Called Strike 3-2: Foul Ball, location: 2F 3-2: Base on Balls
|
|
Batting: RHB Mike Blehm
|
0-0: Called Strike 0-1: Fly out, F6 (Popup, 6MD, EV 61.9 MPH)
|
|
Batting: RHB Suk Hahn
|
0-0: Ball 1-0: SINGLE (Line Drive, 89M, EV 103.8 MPH) Kjeld Leen to second
|
|
Batting: RHB Alex Perez
|
0-0: Ball 1-0: Called Strike 1-1: Ball 2-1: Ball 3-1: Foul Ball, location: 2F 3-2: Foul Ball, location: 2F 3-2: Foul Ball, location: 2F 3-2: SINGLE (Line Drive, 7S, EV 92.5 MPH) Kjeld Leen to third Suk Hahn to second Runner from 3rd tries for Home, SAFE, throw by LF to home
|
|
Batting: LHB Toby Clark
|
0-0: Ball 1-0: Ball 2-0: Foul Ball, location: 2F 2-1: Ball 3-1: Foul Ball, location: 2F 3-2: Grounds into double play, 6-4-3 (Groundball, 6, EV 88.8 MPH)
|
| Top of the 1st over - 1 run, 2 hits, 0 errors, 1 left on base; University of Oklahoma 1 - Coastal Carolina University 0 |
| BOTTOM OF THE 1ST |
|
Coastal Carolina University Chanticleers batting - Pitching for University of Oklahoma Sooners : RHP Chad Falgout
|
|
Pitching: RHP Chad Falgout
|
|
|
Batting: LHB Justin Sanders
|
0-0: Ball 1-0: Ground out 5-3 (Groundball, 56S, EV 70.6 MPH)
|
|
Batting: RHB Tristan Williams
|
0-0: Fly out, F9 (Flyball, 9D, EV 93.1 MPH)
|
|
Batting: RHB Tristan Walsh
|
0-0: Called Strike 0-1: SINGLE (Flyball, 34D, EV 95.6 MPH)
|
|
Batting: RHB Mark Tart
|
0-0: Ball 1-0: Ball 2-0: Ball 3-0: Base on Balls Tristan Walsh to second
|
|
Batting: LHB Tim Kirby
|
0-0: Fly out, F8 (Flyball, 8RD, EV 90.0 MPH)
|
| Bottom of the 1st over - 0 runs, 1 hit, 0 errors, 2 left on base; University of Oklahoma 1 - Coastal Carolina University 0 |
| TOP OF THE 2ND |
|
University of Oklahoma Sooners batting - Pitching for Coastal Carolina University Chanticleers : RHP Ricky Diaz
|
|
Batting: SHB Orlando Uribe
|
0-0: Swinging Strike 0-1: Ball 1-1: Fly out, F9 (Flyball, 9D, EV 89.4 MPH)
|
|
Batting: RHB Sam Mason
|
0-0: Ball 1-0: Swinging Strike 1-1: Called Strike 1-2: Ball 2-2: Strikes out swinging
|
|
Batting: RHB Sugiarto Kartosuwiryo
|
0-0: Foul Ball, location: 2F 0-1: Foul Ball, location: 2F 0-2: Foul Ball, location: 2F 0-2: Ball 1-2: Ground out 4-3 (Groundball, 4, EV 85.6 MPH)
|
| Top of the 2nd over - 0 runs, 0 hits, 0 errors, 0 left on base; University of Oklahoma 1 - Coastal Carolina University 0 |
| BOTTOM OF THE 2ND |
|
Coastal Carolina University Chanticleers batting - Pitching for University of Oklahoma Sooners : RHP Chad Falgout
|
|
Batting: RHB Pedro Delgado
|
0-0: Fly out, F9 (Flyball, 9, EV 95.6 MPH)
|
|
Batting: SHB Iher Waithaka
|
0-0: Ball 1-0: Ball 2-0: Called Strike 2-1: Foul Ball, location: 2F 2-2: Strikes out swinging
|
|
Batting: RHB Rene Napoles
|
0-0: Ball 1-0: Called Strike 1-1: Foul Ball, location: 2F 1-2: Strikes out swinging
|
| Bottom of the 2nd over - 0 runs, 0 hits, 0 errors, 0 left on base; University of Oklahoma 1 - Coastal Carolina University 0 |
| TOP OF THE 3RD |
|
University of Oklahoma Sooners batting - Pitching for Coastal Carolina University Chanticleers : RHP Ricky Diaz
|
|
Batting: LHB Nelson Morales
|
0-0: Ball 1-0: Called Strike 1-1: Called Strike 1-2: Foul Ball, location: 2F 1-2: Strikes out swinging
|
|
Batting: RHB Kjeld Leen
|
0-0: Called Strike 0-1: Swinging Strike 0-2: Strikes out swinging
|
|
Batting: RHB Mike Blehm
|
0-0: Swinging Strike 0-1: Fly out, F9 (Flyball, 9, EV 84.4 MPH)
|
| Top of the 3rd over - 0 runs, 0 hits, 0 errors, 0 left on base; University of Oklahoma 1 - Coastal Carolina University 0 |
| BOTTOM OF THE 3RD |
|
Coastal Carolina University Chanticleers batting - Pitching for University of Oklahoma Sooners : RHP Chad Falgout
|
|
Batting: LHB Jeremy Stockwell
|
0-0: Ball 1-0: Ball 2-0: Ground out 4-3 (Groundball, 4, EV 103.8 MPH)
|
|
Batting: LHB Justin Sanders
|
0-0: Called Strike 0-1: Foul Ball, location: 2F 0-2: Ball 1-2: Ball 2-2: Ball 3-2: Strikes out swinging
|
|
Batting: RHB Tristan Williams
|
0-0: Called Strike 0-1: Foul Ball, location: 2F 0-2: Ground out 4-3 (Groundball, 4, EV 96.2 MPH)
|
| Bottom of the 3rd over - 0 runs, 0 hits, 0 errors, 0 left on base; University of Oklahoma 1 - Coastal Carolina University 0 |
| TOP OF THE 4TH |
|
University of Oklahoma Sooners batting - Pitching for Coastal Carolina University Chanticleers : RHP Ricky Diaz
|
|
Batting: RHB Suk Hahn
|
0-0: Hit by Pitch
|
|
Batting: RHB Alex Perez
|
0-0: Called Strike Suk Hahn is caught stealing 2nd base 2-4 0-1: Ball 1-1: Called Strike 1-2: Strikes out swinging
|
|
Batting: LHB Toby Clark
|
0-0: Swinging Strike 0-1: Swinging Strike 0-2: Strikes out looking
|
| Top of the 4th over - 0 runs, 0 hits, 0 errors, 0 left on base; University of Oklahoma 1 - Coastal Carolina University 0 |
| BOTTOM OF THE 4TH |
|
Coastal Carolina University Chanticleers batting - Pitching for University of Oklahoma Sooners : RHP Chad Falgout
|
|
Batting: RHB Tristan Walsh
|
0-0: Ground out 6-3 (Groundball, 6, EV 82.5 MPH)
|
|
Batting: RHB Mark Tart
|
0-0: Ball 1-0: Called Strike 1-1: Foul Ball, location: 2F 1-2: Strikes out swinging
|
|
Batting: LHB Tim Kirby
|
0-0: Called Strike 0-1: Called Strike 0-2: Ball 1-2: Ground out 4-3 (Groundball, 4, EV 76.9 MPH)
|
| Bottom of the 4th over - 0 runs, 0 hits, 0 errors, 0 left on base; University of Oklahoma 1 - Coastal Carolina University 0 |
| TOP OF THE 5TH |
|
University of Oklahoma Sooners batting - Pitching for Coastal Carolina University Chanticleers : RHP Ricky Diaz
|
|
Batting: SHB Orlando Uribe
|
0-0: Ball 1-0: Foul Ball, location: 2F 1-1: Called Strike 1-2: Ball 2-2: Ball 3-2: Foul Ball, location: 2F 3-2: Fly out, F8 (Flyball, 8LXD, EV 88.8 MPH)
|
|
Batting: RHB Sam Mason
|
0-0: Ball 1-0: Fly out, F9 (Flyball, 9D, EV 103.8 MPH)
|
|
Batting: RHB Sugiarto Kartosuwiryo
|
0-0: Ball 1-0: Reached on error, E4 (Groundball, 4, EV 83.1 MPH)
|
|
Batting: LHB Nelson Morales
|
0-0: Called Strike 0-1: Ball 1-1: Called Strike 1-2: Strikes out looking
|
| Top of the 5th over - 0 runs, 0 hits, 1 error, 1 left on base; University of Oklahoma 1 - Coastal Carolina University 0 |
| BOTTOM OF THE 5TH |
|
Coastal Carolina University Chanticleers batting - Pitching for University of Oklahoma Sooners : RHP Chad Falgout
|
|
Batting: RHB Pedro Delgado
|
0-0: Foul Ball, location: 2F 0-1: Foul Ball, location: 2F 0-2: Strikes out swinging
|
|
Batting: SHB Iher Waithaka
|
0-0: Ground out 5-3 (Groundball, 56S, EV 74.4 MPH)
|
|
Batting: RHB Rene Napoles
|
0-0: Ground out 6-3 (Groundball, 56, EV 89.4 MPH)
|
| Bottom of the 5th over - 0 runs, 0 hits, 0 errors, 0 left on base; University of Oklahoma 1 - Coastal Carolina University 0 |
| TOP OF THE 6TH |
|
University of Oklahoma Sooners batting - Pitching for Coastal Carolina University Chanticleers : RHP Ricky Diaz
|
|
Batting: RHB Kjeld Leen
|
0-0: Ball 1-0: Ball 2-0: Ball 3-0: Base on Balls
|
|
Batting: RHB Mike Blehm
|
0-0: Called Strike 0-1: Ball 1-1: Foul Ball, location: 2F 1-2: Strikes out swinging
|
|
Batting: RHB Suk Hahn
|
0-0: Foul Ball, location: 2F 0-1: Foul Ball, location: 2F 0-2: Foul Ball, location: 2F 0-2: Grounds into double play, 6-4-3 (Groundball, 6, EV 103.1 MPH)
|
| Top of the 6th over - 0 runs, 0 hits, 0 errors, 0 left on base; University of Oklahoma 1 - Coastal Carolina University 0 |
| BOTTOM OF THE 6TH |
|
Coastal Carolina University Chanticleers batting - Pitching for University of Oklahoma Sooners : RHP Chad Falgout
|
|
Batting: LHB Jeremy Stockwell
|
0-0: Foul Ball, location: 2F 0-1: Foul Ball, location: 2F 0-2: Ball 1-2: Strikes out swinging
|
|
Batting: LHB Justin Sanders
|
0-0: Ball 1-0: Ball 2-0: Swinging Strike 2-1: Swinging Strike 2-2: Ball 3-2: Base on Balls
|
|
Batting: RHB Tristan Williams
|
0-0: Ball 1-0: Swinging Strike 1-1: Called Strike 1-2: Foul Ball, location: 2F 1-2: SINGLE (Groundball, 4M, EV 95.0 MPH) Justin Sanders to second Justin Sanders to third
|
|
Batting: RHB Tristan Walsh
|
0-0: Foul Ball, location: 2F 0-1: Fly out, F7 (Flyball, 78M, EV 86.2 MPH) Runner from 3rd tags up, SCORES, throw by LF
|
|
Batting: RHB Mark Tart
|
0-0: Called Strike 0-1: Ball 1-1: Foul Ball, location: 2F 1-2: Ball Tristan Williams is caught stealing 2nd base 2-4
|
| Bottom of the 6th over - 1 run, 1 hit, 0 errors, 0 left on base; University of Oklahoma 1 - Coastal Carolina University 1 |
| TOP OF THE 7TH |
|
University of Oklahoma Sooners batting - Pitching for Coastal Carolina University Chanticleers : RHP Ricky Diaz
|
|
Batting: RHB Alex Perez
|
0-0: Called Strike 0-1: Foul Ball, location: 2F 0-2: Ground out 5-3 (Groundball, 5S, EV 84.4 MPH)
|
|
Batting: LHB Toby Clark
|
0-0: Ball 1-0: Fly out, F9 (Line Drive, 9S, EV 98.1 MPH)
|
|
Batting: SHB Orlando Uribe
|
0-0: Called Strike 0-1: Ball 1-1: Fly out, F8 (Flyball, 8LM, EV 93.1 MPH)
|
| Top of the 7th over - 0 runs, 0 hits, 0 errors, 0 left on base; University of Oklahoma 1 - Coastal Carolina University 1 |
| BOTTOM OF THE 7TH |
|
Coastal Carolina University Chanticleers batting - Pitching for University of Oklahoma Sooners : RHP Chad Falgout
|
|
Batting: RHB Mark Tart
|
0-0: Ball 1-0: Ball 2-0: Foul Ball, location: 2F 2-1: Ball 3-1: Foul Ball, location: 2F 3-2: Base on Balls
|
|
Batting: LHB Tim Kirby
|
0-0: Called Strike Mark Tart is caught stealing 2nd base 2-6 0-1: Foul Ball, location: 2F 0-2: Ground out 6-3 (Groundball, 6, EV 84.4 MPH)
|
|
Batting: RHB Pedro Delgado
|
0-0: Ball 1-0: Ball 2-0: Ball 3-0: Base on Balls
|
|
Pitching: RHP Adam Alioto
|
|
|
Batting: SHB Iher Waithaka
|
0-0: Ball 1-0: Called Strike 1-1: Ball 2-1: Ball 3-1: Called Strike 3-2: Strikes out swinging
|
| Bottom of the 7th over - 0 runs, 0 hits, 0 errors, 1 left on base; University of Oklahoma 1 - Coastal Carolina University 1 |
| TOP OF THE 8TH |
|
University of Oklahoma Sooners batting - Pitching for Coastal Carolina University Chanticleers : RHP Ricky Diaz
|
|
Batting: RHB Sam Mason
|
0-0: Ball 1-0: Foul Ball, location: 2F 1-1: Swinging Strike 1-2: Strikes out swinging, 2-3 out at first.
|
|
Batting: RHB Sugiarto Kartosuwiryo
|
0-0: Ball 1-0: Ball 2-0: Called Strike 2-1: Foul Ball, location: 2F 2-2: Foul Ball, location: 2F 2-2: Strikes out looking
|
|
Batting: LHB Nelson Morales
|
0-0: Foul Ball, location: 2F 0-1: Ball 1-1: Foul Ball, location: 2F 1-2: Foul Ball, location: 2F 1-2: Strikes out swinging
|
| Top of the 8th over - 0 runs, 0 hits, 0 errors, 0 left on base; University of Oklahoma 1 - Coastal Carolina University 1 |
| BOTTOM OF THE 8TH |
|
Coastal Carolina University Chanticleers batting - Pitching for University of Oklahoma Sooners : RHP Adam Alioto
|
|
Batting: RHB Rene Napoles
|
0-0: Called Strike 0-1: Ball 1-1: Ground out 6-3 (Groundball, 6, EV 105.6 MPH)
|
|
Batting: LHB Jeremy Stockwell
|
0-0: Ground out 4-3 (Groundball, 4, EV 87.5 MPH)
|
|
Batting: LHB Justin Sanders
|
0-0: Called Strike 0-1: Called Strike 0-2: Ball 1-2: Ball 2-2: Foul Ball, location: 2F 2-2: Ground out 4-3 (Groundball, 34, EV 89.4 MPH)
|
| Bottom of the 8th over - 0 runs, 0 hits, 0 errors, 0 left on base; University of Oklahoma 1 - Coastal Carolina University 1 |
| TOP OF THE 9TH |
|
University of Oklahoma Sooners batting - Pitching for Coastal Carolina University Chanticleers : RHP Ricky Diaz
|
|
Pitching: RHP Mitsuaki Fukunaga
|
|
|
Batting: RHB Kjeld Leen
|
0-0: Swinging Strike 0-1: Swinging Strike 0-2: Foul Ball, location: 2F 0-2: Strikes out looking
|
|
Pinch Hitting: LHB Jon Terrones
|
0-0: Ball 1-0: Ball 2-0: Fly out, F5 (Popup, 5D, EV 65.6 MPH)
|
|
Batting: RHB Suk Hahn
|
0-0: Called Strike 0-1: Ball 1-1: Ball 2-1: Ball 3-1: Foul Ball, location: 2F 3-2: Foul Ball, location: 2F 3-2: Fly out, F8 (Flyball, 89D, EV 99.4 MPH)
|
| Top of the 9th over - 0 runs, 0 hits, 0 errors, 0 left on base; University of Oklahoma 1 - Coastal Carolina University 1 |
| BOTTOM OF THE 9TH |
|
Coastal Carolina University Chanticleers batting - Pitching for University of Oklahoma Sooners : RHP Adam Alioto
|
|
Pitching: RHP Andy Cane
|
|
|
Now at 2B: Ben Gappa
|
|
|
Pinch Hitting: LHB Nate Kokx
|
0-0: Ball 1-0: Ball 2-0: Called Strike 2-1: Ball 3-1: Called Strike 3-2: Strikes out swinging
|
|
Batting: RHB Tristan Walsh
|
0-0: Called Strike 0-1: SINGLE (Line Drive, 4D, EV 97.5 MPH)
|
|
Batting: RHB Mark Tart
|
0-0: Called Strike 0-1: Swinging Strike 0-2: Strikes out looking
|
|
Batting: LHB Tim Kirby
|
0-0: Ball Pickoff Throw to First - Out! 1-3 CS
|
| Bottom of the 9th over - 0 runs, 1 hit, 0 errors, 0 left on base; University of Oklahoma 1 - Coastal Carolina University 1 |
| TOP OF THE 10TH |
|
University of Oklahoma Sooners batting - Pitching for Coastal Carolina University Chanticleers : RHP Mitsuaki Fukunaga
|
|
Now in LF: Chris McDaniel
|
|
|
Batting: RHB Alex Perez
|
0-0: Ball 1-0: Called Strike 1-1: Ball 2-1: Foul Ball, location: 2F 2-2: Strikes out swinging
|
|
Batting: LHB Toby Clark
|
0-0: Swinging Strike 0-1: Called Strike 0-2: SINGLE (Line Drive, 9S, EV 86.2 MPH)
|
|
Batting: SHB Orlando Uribe
|
0-0: Ball 1-0: Swinging Strike 1-1: SINGLE (Groundball, 4MD, EV 103.1 MPH) Toby Clark to second
|
|
Pitching: RHP Dennis Margolis
|
|
|
Batting: RHB Sam Mason
|
0-0: Ball 1-0: Ball 2-0: Ball 3-0: Base on Balls Toby Clark to third Orlando Uribe to second
|
|
Batting: RHB Sugiarto Kartosuwiryo
|
0-0: Called Strike 0-1: Ball 1-1: Called Strike 1-2: Fly out, F7 (Flyball, 7D, EV 96.9 MPH) Runner from 3rd tags up, SCORES, throw by LF Orlando Uribe to third
|
|
Batting: LHB Nelson Morales
|
0-0: Ball 1-0: Called Strike 1-1: DOUBLE (Line Drive, 7LD, EV 109.4 MPH) Orlando Uribe scores Sam Mason to third Runner from 3rd tries for Home, SAFE, throw by LF to home
|
|
Batting: RHB Kjeld Leen
|
0-0: Called Strike 0-1: Swinging Strike 0-2: Ball 1-2: Strikes out swinging
|
| Top of the 10th over - 3 runs, 3 hits, 0 errors, 1 left on base; University of Oklahoma 4 - Coastal Carolina University 1 |
| BOTTOM OF THE 10TH |
|
Coastal Carolina University Chanticleers batting - Pitching for University of Oklahoma Sooners : RHP Andy Cane
|
|
Pitching: RHP Roger Torrez
|
|
|
Batting: LHB Tim Kirby
|
0-0: Ground out 4-3 (Groundball, 34, EV 101.9 MPH)
|
|
Batting: RHB Pedro Delgado
|
0-0: Called Strike 0-1: Swinging Strike 0-2: Ball 1-2: Strikes out swinging
|
|
Batting: SHB Iher Waithaka
|
0-0: Called Strike 0-1: Swinging Strike 0-2: Ball 1-2: Ball 2-2: Strikes out swinging
|
| Bottom of the 10th over - 0 runs, 0 hits, 0 errors, 0 left on base; University of Oklahoma 4 - Coastal Carolina University 1 |
|